 Dungeon Crawl Stone Soup version 0.30-a0-605-gb2882149bf (webtiles) character file.

Game seed: 3822681053815857542

229 brightshaft the Grave Robber (level 6, 0/30 HPs)
             Began as a Vine Stalker Necromancer on Jan 7, 2023.
             Slain by a sky beast (4 damage)
             ... on level 4 of the Dungeon.
             The game lasted 00:07:49 (3166 turns).

brightshaft the Grave Robber (VSNe)                 Turns: 3166, Time: 00:07:49

Health: 0/30       AC:  2    Str: 11    XL:     6   Next: 3%
Magic:  0/12       EV: 13    Int: 15    God:
Gold:   193        SH:  0    Dex: 16    Spells: 3/11 levels left

rFire   . . .      SeeInvis .    d - +0 dagger (flame)
rCold   . . .      Faith    .    (no shield)
rNeg    . . .      Spirit   +    a - +0 robe
rPois   .          Reflect  .    (no helmet)
rElec   .          Harm     .    (no cloak)
rCorr   .          Rampage  .    (no gloves)
Will    .....                    (no boots)
Stlth   +++                      (no amulet)
HPRegen 1.05/turn                (no ring)
MPRegen 0.13/turn                (no ring)

@: no status effects
A: fangs 2, regeneration 1, magic shield, antimagic bite, no potion heal 2
a: no special abilities


You were on level 4 of the Dungeon.
You visited 1 branch of the dungeon, and saw 4 of its levels.

You collected 193 gold pieces.

Inventory:

Hand Weapons
 d - a +0 dagger of flaming (weapon)
Armour
 a - a +0 robe (worn)
 e - a +0 leather armour
 g - a +0 cloak
Jewellery
 n - a ring of ice
Scrolls
 c - 2 scrolls of teleportation {@r4}
 j - a scroll of fog
Potions
 b - a potion of magic
 f - a potion of haste {@q3}
 h - a potion of curing {unknown}
 i - a potion of lignification {unknown}
 k - a potion of flight {unknown}


   Skills:
 + Level 1.1 Fighting
 * Level 1.2 Short Blades
 + Level 2.6 Dodging
 + Level 4.1 Stealth
 + Level 3.3 Spellcasting
 * Level 4.7 Necromancy


You had 3 spell levels left.
You knew the following spells:

 Your Spells              Type           Power      Damage    Failure   Level
a - Necrotise             Necr           64%        1d7       2%          1
b - Vampiric Draining     Necr           16%        2d7       9%          3
c - Animate Dead          Necr           16%        N/A       26%         4

Your spell library contained the following spells:

 Spells                   Type           Power      Damage    Failure   Level
 Agony                    Necr           16%        N/A       58%         5


Dungeon Overview and Level Annotations

Branches:
Dungeon (4/15)
 Temple: D:4-7

Altars:
Gozag
Qazlal
Sif Muna


Innate Abilities, Weirdness & Mutations

You have extremely sharp teeth.
Your natural rate of healing is unusually fast.
When hurt, damage is shared between your health and your magic reserves.
Your bite disrupts and absorbs the magic of your enemies.
Potions cannot restore your health.


Message History

Reactivating autopickup.
The sky beast hits you. The sky beast shocks you.
Aiming: Vampiric Draining (quite dangerous; 9% risk of failure)
Press: ? - help, Q - select action, (/) - cycle Shift-Dir - straight line, f - sky beast
Aim: a sky beast (rain)
You draw life force from the sky beast!
You feel life coursing into your body. The sky beast closely misses you.
Aiming: Vampiric Draining (quite dangerous; 9% risk of failure)
Press: ? - help, Q - select action, (/) - cycle Shift-Dir - straight line, f/p - sky beast
Aim: a sky beast (moderately wounded)
You draw life force from the sky beast.
The sky beast closely misses you.
Aiming: Vampiric Draining (quite dangerous; 9% risk of failure)
Press: ? - help, Q - select action, (/) - cycle Shift-Dir - straight line, f/p - sky beast
Aim: a sky beast (heavily wounded)
You draw life force from the sky beast!
The sky beast completely misses you.
You closely miss the sky beast. Your punch misses the sky beast.
Your bite misses the sky beast.
The sky beast is almost dead.
You hit the sky beast but do no damage. Your bite misses the sky beast.
The sky beast is almost dead.
The sky beast hits you but does no damage.
You miss the sky beast. Your bite misses the sky beast.
The sky beast is almost dead.
The sky beast hits you. The sky beast shocks you.
You hit the sky beast but do no damage.
The sky beast is almost dead.
The sky beast flickers out of sight!
Deactivating autopickup; reactivate with Ctrl-A.
Something hits you. Something shocks you.
You hit something but do no damage. Your bite misses something.
Something hits you. Something shocks you.
* * * LOW HITPOINT WARNING * * *
You closely miss something.
A sky beast appears from thin air!
Reactivating autopickup.
The sky beast hits you.
* * * LOW HITPOINT WARNING * * *
The sky beast shocks you.
You die...

........+......#
######+###'######
###.............#
..#.............#
..#.............#+#####
..#...................#
#'#...................#
....#'##########......+
....#..........#@.....#
....#..........#Y.....#
....#..........#......#
....#..........#.....##
....##..####...#.....#
.....#..########.....#
.....#....# #.....#
#....# #.....# #....#


You could see a sky beast.

Vanquished Creatures
  2 orc priests (D:3)
  Jessica (D:3)
  An orc wizard (D:3)
  3 adders
  A worm (D:2)
  4 dart slugs
  9 orcs
  5 bats
  2 endoplasms
  A giant cockroach (D:1)
  3 goblins (D:1)
  2 hobgoblins
  7 jackals
  2 quokkas (D:2)
  7 ball pythons
  3 frilled lizards
  9 kobolds
  8 rats
70 creatures vanquished.

Vanquished Creatures (collateral kills)
  An endoplasm (D:1)
  A quokka (D:1)
  A rat (D:1)
3 creatures vanquished.

Vanquished Creatures (others)
  3 plants (D:1)
3 creatures vanquished.

Grand Total: 76 creatures vanquished

Notes
Turn   | Place    | Note
-------+----------+-------------------------------------------
     0 | D:1      | brightshaft the Vine Stalker Necromancer began the quest
                  | for the Orb.
     0 | D:1      | Reached XP level 1. HP: 9/9 MP: 4/4
    81 | D:1      | Reached XP level 2. HP: 10/13 MP: 4/6
   372 | D:1      | Found a faded altar of an unknown god.
   507 | D:1      | Reached XP level 3. HP: 5/16 MP: 0/7
  1183 | D:2      | Learned a level 3 spell: Vampiric Draining
  1310 | D:2      | Gained mutation: Your natural rate of healing is unusually
                  | fast. [Vine Stalker growth]
  1310 | D:2      | Reached XP level 4. HP: 16/21 MP: 5/9
  2073 | D:3      | Reached XP level 5. HP: 19/25 MP: 4/10
  2242 | D:3      | Found a shimmering blue altar of Sif Muna.
  2245 | D:3      | Noticed Jessica
  2291 | D:3      | Killed Jessica
  2292 | D:3      | Reached skill level 1 in Short Blades
  2429 | D:3      | Found an opulent altar of Gozag.
  2462 | D:3      | Reached skill level 1 in Fighting
  2726 | D:3      | Found a stormy altar of Qazlal.
  2891 | D:3      | Reached XP level 6. HP: 27/30 MP: 2/12
  3074 | D:3      | Learned a level 4 spell: Animate Dead
  3154 | D:4      | Noticed a sky beast
  3166 | D:4      | Slain by a sky beast

Illustrated notes

Levels and vault maps discovered:
D:1:      minmay_arrival_semitransparent, layout_rooms,
          shapermc_ecumenical_altar_totnotflames, lexackson_kobold_supper
D:2:      layout_basic, bh_walls_and_bars
D:3:      layout_loops_ring, nicolae_qazlal_general_emergency,
          lemuel_tele_altar, grunt_gozag_breadcrumbs, minmay_misc_feat_encased,
          uniq_jessica
D:4:      layout_gridville, minmay_temple_entry_nine_rooms, serial_shops,
          nicolae_square_shop, nicolae_shop_behind_doors, serial_park_tiny_pond

Skill      XL: |  1  2  3  4  5 |
---------------+----------------+-----
Stealth        | 3 4 |  4.1
Dodging        | 2 |  2.6
Spellcasting   | 3 |  3.3
Short Blades   | 1 |  1.2
Fighting       | 1 |  1.1
Necromancy     | |  4.7

Action                   |  1- 3 |  4- 6 || total
-------------------------+-------+-------++-------
Melee: Unarmed           |     8 |       ||     8
       Bite              |    88 |    23 ||   111
       Dagger            |   175 |    98 ||   273
       Punch             |     3 |     1 ||     4
 Cast: Necrotise         |    35 |       ||    35
       Vampiric Draining |     2 |    15 ||    17
  Use: Scroll            |       |     6 ||     6
 Stab: Sleeping          |     1 |     3 ||     4
Armor: Robe              |    10 |    14 ||    24
Dodge: Dodged            |    59 |    49 ||   108

Table legend: (Time is in decaauts)
 A = Elapsed time spent in this place.
 B = Non-inter-level travel time spent in this place.
 C = Inter-level travel time spent in this place.
 D = Time resting spent in this place.
 E = Time spent auto-exploring this place.
 F = Levels seen in this place.
 G = Mean time per level.
                   A        B        C        D        E       F      G
               +--------+--------+--------+--------+--------+-----+--------+
         Total |   3161 |   3048 |    113 |      0 |   2376 |   4 |  790.2 |
       Dungeon |   3161 |   3048 |    113 |      0 |   2376 |   4 |  790.2 |
               +--------+--------+--------+--------+--------+-----+--------+

Top non-repeatable levels by time:
     D:3: 1069 daAuts
     D:2: 1048 daAuts
     D:1: 979 daAuts
     D:4: 64 daAuts
